Cogmind - Beta 14 @@@ ROGUE MODE // 2025.03.11 @ 02:53:53 Player: Cogchaaaan Result: Escaped! Performance ------------- Evolutions (9) 4500 Regions Visited (28) 5600 Robots Destroyed (358) 1790 Value Destroyed (14406) 14406 Prototype IDs (56) 1120 Alien Tech Used (1) 200 Bonus (9287) 9287 TOTAL SCORE: 36903 Bonus ------- High Alert Combat Kills 781 Follower Combat Kills 2553 Aligned with FarCom 300 Met Data Miner 300 Met Zhirov 300 Built Enhanced Grunts 300 Met R17 at Cetus 500 Met R17 at Research 2000 Win 3000 Friendly Fire -747 Cogmind --------- Core Integrity 1491/1600 Matter 150/300 Energy 619/640 System Corruption 7% Temperature Cool (9) Movement Treading (148) Location To Epsilon Eridani Parts ------- > --- POWER (3) -------- Particle Reactor Micro Antimatter Reactor Quantum Reactor > --- PROPULSION (6) --- Medium Treads Biometal Medium Treads Biometal Heavy Treads Biometal Heavy Treads > --- UTILITY (13) ----- Advanced Power Amplifier Advanced Heat Sink Advanced Coolant Injector Huge Storage Unit Structural Scanner Tactical Coordination Suite Advanced Target Analyzer Advanced Target Analyzer Graphene Brace Advanced Hacking Suite Advanced Hacking Suite System Shield > --- WEAPON (3) ------- Hardcell Cannon Hardcell Cannon > --- INVENTORY (25) --- Light Quantum Reactor Light Quantum Reactor Improved Medium Treads Armored Heavy Treads Biometal Heavy Treads Wheel Centrium Wheel Improved Matter Compressor (0) Improved Reaction Control System Mini Drone Bay (2/3) Mini Drone Bay (1/3) Advanced Variable Charge Gun Heavy Phase Cannon Enhanced Nova Cannon Phasing Sabre Peak State ------------ > --- POWER ------------ Particle Reactor Micro Antimatter Reactor Quantum Reactor > --- PROPULSION ------- Medium Treads Biometal Medium Treads Biometal Heavy Treads Advanced Heavy Siege Treads > --- UTILITY ---------- Advanced Power Amplifier Advanced Power Amplifier Advanced Heat Sink Advanced Coolant Injector Huge Storage Unit Structural Scanner Tactical Coordination Suite Advanced Target Analyzer Improved Medium Armor Plating Graphene Brace Advanced Thermal Shield Advanced Hacking Suite Advanced Hacking Suite > --- WEAPON ----------- Enhanced Nova Cannon Railgun Railgun > --- INVENTORY -------- Light Quantum Reactor Medium Treads Improved Medium Treads Armored Heavy Treads Biometal Heavy Treads Biometal Heavy Treads Wheel Centrium Wheel Improved Matter Compressor Advanced Target Analyzer Improved Reaction Control System System Shield Mini Drone Bay Mini Drone Bay Transdimensional Reconstructor Advanced Variable Charge Gun Heavy Phase Cannon Railgun Hardcell Cannon Hardcell Cannon Improved Proton Missile Launcher Phasing Sabre [Rating: 183] Favorites ----------- Power Quantum Reactor Engine Improved Deuterium Engine Power Core Nuclear Core Reactor Quantum Reactor Propulsion Light Treads Treads Light Treads Leg Improved Titanium Leg Wheel Armored Wheel Utility Huge Storage Unit Device Advanced Heat Sink Storage Huge Storage Unit Processor Improved Target Analyzer Hackware Advanced Hacking Suite Protection Centrium Medium Armor Plating Weapon Railgun Energy Gun Small Laser Energy Cannon Advanced Plasma Cannon Ballistic Gun Railgun Ballistic Cannon Bore Cannon Launcher Rocket Launcher Slashing Weapon Phasing Sabre Piercing Weapon Spear Build | -11 -10 -10 -9 -9 -9 -8 -8 -7 -7 -7 -7 -6 -6 -6 -6 -6 -6 -5 -5 -5 -5 -4 -4 -4 -4 -3 -2 -1 ------- Run | Yrd Mat Min Mat Min Exi Min Mat Fac Low Low Dat Pro Fac Ext Cet Arc Hub Fac Upp Upp Zhi Pro Fac Was Fac Res Res Acc Slots Evolved 18 | . . . 2 . . . 2 2 . . . . 2 . . . . 2 . . . . 2 . . 2 2 2 Power 2 | . . . . . . . . . . . . . 1 . . . . . . . . . . . . 1 . . Propulsion 4 | . . . 1 . . . . 1 . . . . . . . . . 1 . . . . . . . . 1 . Utility 11 | . . . . . . . 2 1 . . . . 1 . . . . 1 . . . . 2 . . 1 1 2 Weapon 1 | . . . 1 . . . . . . . . . . . . . . . . . . . . . . . . . Parts Attached 313 | 8 10 5 25 1 3 9 22 8 13 6 4 19 11 27 4 8 4 8 5 6 9 10 16 11 5 6 30 20 Power 25 | 1 1 . 2 . . 1 3 . . . . 1 1 3 1 . 1 1 . 1 1 . 1 1 . 1 3 1 Engine 10 | 1 1 . 2 . . . 1 . . . . 1 1 3 . . . . . . . . . . . . . . Core 5 | . . . . . . 1 2 . . . . . . . . . . 1 . 1 . . . . . . . . Reactor 10 | . . . . . . . . . . . . . . . 1 . 1 . . . 1 . 1 1 . 1 3 1 Propulsion 68 | 2 6 . 11 . . 4 4 3 3 2 . 1 4 . . 5 . 2 . . . 3 5 3 . . 8 2 Treads 58 | . 6 . 11 . . 4 4 2 3 2 . . . . . 4 . 2 . . . 3 4 3 . . 8 2 Leg 6 | 2 . . . . . . . . . . . . 4 . . . . . . . . . . . . . . . Wheel 4 | . . . . . . . . 1 . . . 1 . . . 1 . . . . . . 1 . . . . . Hover . | . . . . . . . . . . . . . . . . . . . . . . . . . . . . . Flight . | . . . . . . . . . . . . . . . . . . . . . . . . . . . . . Utility 100 | 2 2 3 2 1 . 1 5 3 5 2 1 7 5 8 3 . 1 3 3 . 4 2 8 1 3 5 12 8 Device 57 | 1 2 3 . 1 . 1 1 2 2 2 1 3 5 4 1 . 1 1 3 . 1 1 6 . 2 4 4 5 Storage 6 | 1 . . 2 . . . . . . . . . . . . . . 1 . . 2 . . . . . . . Processor 6 | . . . . . . . 1 . 1 . . 1 . . . . . 1 . . . . . . . . 1 1 Hackware 3 | . . . . . . . . . . . . . . . . . . . . . . . . . . . 1 2 Protection 28 | . . . . . . . 3 1 2 . . 3 . 4 2 . . . . . 1 1 2 1 1 1 6 . Artifact . | . . . . . . . . . . . . . . . . . . . . . . . . . . . . . Weapon 120 | 3 1 2 10 . 3 3 10 2 5 2 3 10 1 16 . 3 2 2 2 5 4 5 2 6 2 . 7 9 Energy Gun 28 | 2 1 . 4 . 1 1 5 1 2 1 1 3 . 4 . . . . 1 1 . . . . . . . . Energy Cannon 16 | . . . . . . . 1 . 1 . 1 2 1 1 . . . 1 . 1 . 2 . . 2 . . 3 Ballistic Gun 40 | 1 . 2 6 . 2 1 3 1 . . . . . 2 . 2 1 1 1 1 2 1 1 4 . . 6 2 Ballistic Cannon 18 | . . . . . . . . . 1 . 1 . . 7 . 1 . . . 1 1 1 1 1 . . . 3 Launcher 14 | . . . . . . 1 1 . 1 1 . 5 . 1 . . 1 . . 1 . . . . . . 1 1 Special Weapon . | . . . . . . . . . . . . . . . . . . . . . . . . . . . . . Impact Weapon . | . . . . . . . . . . . . . . . . . . . . . . . . . . . . . Slashing Weapon 3 | . . . . . . . . . . . . . . . . . . . . . 1 1 . 1 . . . . Piercing Weapon 1 | . . . . . . . . . . . . . . 1 . . . . . . . . . . . . . . Special Melee Weapon . | . . . . . . . . . . . . . . . . . . . . . . . . . . . . . Unidentified Prototypes 14 | . . 1 2 . . . 3 . 1 . . . . . 1 . . . . . 5 1 . . . . . . Parts Lost 85 | . 2 1 3 . . 7 4 1 4 2 . 10 . 6 . . 1 1 3 . . 7 7 . 1 2 14 9 Power 9 | . 1 . 1 . . 2 . . . . . . . 1 . . 1 . . . . . . . . . 2 1 Propulsion 25 | . . . 1 . . 4 2 . 2 1 . 4 . . . . . . . . . 3 4 . . . 2 2 Utility 28 | . 1 . . . . . 1 1 . 1 . 4 . 3 . . . 1 1 . . 2 1 . 1 2 6 3 Weapon 23 | . . 1 1 . . 1 1 . 2 . . 2 . 2 . . . . 2 . . 2 2 . . . 4 3 Highest Loss Streak 7 | . 1 1 1 . . 2 2 1 4 1 . 6 . 2 . . 1 1 3 . . 2 2 . 1 2 7 4 To Critical Strikes . | . . . . . . . . . . . . . . . . . . . . . . . . . . . . . Average Slot Usage (%) 95 | . 90 99 99 100 67 98 99 100 99 99 79 93 98 99 99 96 100 99 94 94 79 93 94 91 89 86 88 91 Engine 5 | . 5 14 11 11 11 7 5 . . . . 5 13 12 11 6 6 2 . . . . . . . . . . Core 1 | . . . . . . 2 3 7 7 7 7 1 . . . . . 2 5 5 5 5 1 . . . . . Reactor 3 | . . . . . . . . . . . . . . . . 6 6 5 5 5 5 5 8 10 10 13 12 12 Treads 22 | . 27 28 32 33 33 32 26 27 29 29 30 22 . . . 15 26 28 23 23 23 22 22 14 15 14 18 15 Leg 3 | . . . . . . . . . . . . . 24 26 26 6 . . . . . . . . . . . . Device 19 | . 13 13 11 11 11 11 8 15 15 15 15 15 20 22 26 26 26 28 23 23 19 22 26 26 29 30 25 31 Storage 7 | . 14 14 11 11 11 11 9 7 7 7 7 7 6 6 6 6 6 5 5 5 5 5 5 5 5 4 4 4 Processor 3 | . . . . . . . 9 7 7 7 7 6 6 1 . . . . 5 5 5 5 5 5 5 4 6 4 Protection 4 | . . . . . . . 9 7 6 7 7 6 6 8 5 6 6 5 5 5 8 5 8 10 6 4 4 3 Energy Gun 5 | . 28 17 10 11 . 10 8 6 1 6 . 6 6 2 . . . . 4 2 . . . . . . . . Energy Cannon 2 | . . . . . . . 2 7 13 7 1 6 6 1 . . . . . . . 4 5 . 4 9 3 1 Ballistic Gun 8 | . . 10 22 22 . 21 14 7 . . . . . 2 . 4 12 10 10 10 1 6 5 12 10 4 7 8 Ballistic Cannon 3 | . . . . . . . . . 6 7 . 7 6 12 20 15 6 5 . 2 . 4 4 . . . . 1 Peak Build Rating 183 | 7 12 17 21 21 21 23 35 43 39 40 43 47 67 69 81 81 79 99 99 98 104 102 119 124 121 137 172 183 Average Rating 64 | 5 9 11 18 21 14 22 29 39 35 39 30 43 61 65 74 75 77 86 96 96 88 98 111 116 119 132 154 179 On Entrance 63 | . 7 11 13 21 21 21 21 34 39 39 40 43 41 62 67 81 77 79 99 96 97 102 99 102 118 120 137 167 Naked Turns . | . . . . . . . . . . . . . . . . . . . . . . . . . . . . . Heaviest Build 190 | 11 13 17 98 98 98 98 103 104 108 108 108 119 133 146 148 148 143 148 144 142 142 148 175 166 167 190 190 184 Greatest Support 218 | 20 46 43 63 60 60 66 66 80 80 88 88 88 80 80 80 97 97 149 149 149 149 151 151 167 167 167 218 218 Greatest Overweight (x) 13 | 3 . . 1 1 1 1 1 8 2 1 1 9 10 1 1 12 1 1 . . . . 13 13 . 1 . . Average Overweight (x) . | . . . . 1 1 1 1 3 1 1 1 2 1 1 1 3 1 . . . . . 2 3 . . . . Largest Inventory Capacity 25 | 8 8 8 25 25 25 25 25 25 25 25 25 25 25 25 25 25 25 25 25 25 25 25 25 25 25 25 25 25 Average Capacity 22 | 7 8 8 18 25 25 25 25 25 25 25 25 25 25 25 25 25 25 25 25 25 25 25 25 25 25 25 25 25 Most Carried 25 | 5 8 8 25 25 25 22 25 25 24 22 21 24 25 25 25 25 25 25 25 25 25 25 24 25 25 25 25 25 Average Carried 20 | 3 7 7 15 25 24 21 21 24 20 21 21 21 22 24 24 24 23 24 23 24 24 20 21 23 24 23 21 24 Final Capacity 25 | 8 8 8 25 25 25 25 25 25 25 25 25 25 25 25 25 25 25 25 25 25 25 25 25 25 25 25 25 25 Final Carried 25 | 5 8 8 25 25 22 20 25 24 22 21 21 21 23 25 25 24 25 25 24 25 25 20 22 25 24 25 25 17 Class Distribution -------------------- 22% | Scavenger-Gunner 19% | Scavenger-Tank 13% | Scavenger-Skirmisher 9% | Mutant 7% | Skirmisher 7% | Gunner 7% | Scavenger-Mutant 5% | Commander-Skirmisher Dominant Class ---------------- Mutant | -10/Materials Scavenger-Mutant | -10/Mines Scavenger-Gunner | -9/Materials Gunner | -9/Mines Mutant | -9/Exiles Skirmisher | -8/Mines Skirmisher | -8/Materials Scavenger-Skirmisher | -7/Factory Scavenger-Gunner | -7/Lower Caves Scavenger-Gunner | -7/Lower Caves Mutant | -7/Data Miner Scavenger-Gunner | -6/Proximity Caves Derelict-Skirmisher | -6/Factory Commander-Skirmisher | -6/Extension Commander-Skirmisher | -6/Cetus Commander-Skirmisher | -6/Archives Scavenger-Skirmisher | -6/Hub_04(d) Scavenger-Skirmisher | -5/Factory Scavenger-Gunner | -5/Upper Caves Scavenger-Gunner | -5/Upper Caves Scavenger-Mutant | -5/Zhirov Scavenger-Gunner | -4/Proximity Caves Scavenger-Tank | -4/Factory Scavenger-Tank | -4/Waste Scavenger-Tank | -4/Factory Scavenger-Tank | -3/Research Scavenger-Gunner | -2/Research Scavenger-Tank | -1/Access Resources | -11 -10 -10 -9 -9 -9 -8 -8 -7 -7 -7 -7 -6 -6 -6 -6 -6 -6 -5 -5 -5 -5 -4 -4 -4 -4 -3 -2 -1 ----------- Run | Yrd Mat Min Mat Min Exi Min Mat Fac Low Low Dat Pro Fac Ext Cet Arc Hub Fac Upp Upp Zhi Pro Fac Was Fac Res Res Acc Matter Collected 9848 | 280 77 140 760 339 . 378 656 195 139 179 . 533 56 988 103 57 480 262 197 112 370 528 194 817 238 261 1147 362 Remotely 2168 | . . . . . . . . . . . . 132 56 387 . . 365 262 171 112 . 528 155 . . . . . Salvage Created 17687 | 115 461 188 1433 413 . 493 1961 503 333 196 . 710 50 1347 121 . 785 270 296 343 391 1293 1137 510 342 961 2530 505 Parts 806 | 4 27 19 95 26 . 24 102 22 7 10 . 26 1 61 6 . 33 22 8 12 5 34 83 10 12 35 100 22 Haulers Intercepted 15 | . 2 . 4 . . . 3 . . . . . . . . . 1 . . . . . 2 . . 1 2 . Recyclers Shooed 9 | . . . . . . . . . . . . . 1 . . . . . . . . . 4 . . 3 1 . Parts Field Recycled . | . . . . . . . . . . . . . . . . . . . . . . . . . . . . . Retrieved Matter . | . . . . . . . . . . . . . . . . . . . . . . . . . . . . . Parts Self-Destructed 84 | . . . . . . . . . 6 11 . 24 . . . . . . 7 . 3 33 . . . . . . Prevented 12 | . . . . . . . . . . . . . . . . . . . . 12 . . . . . . . . Kills | -11 -10 -10 -9 -9 -9 -8 -8 -7 -7 -7 -7 -6 -6 -6 -6 -6 -6 -5 -5 -5 -5 -4 -4 -4 -4 -3 -2 -1 ------- Run | Yrd Mat Min Mat Min Exi Min Mat Fac Low Low Dat Pro Fac Ext Cet Arc Hub Fac Upp Upp Zhi Pro Fac Was Fac Res Res Acc Combat Hostiles Destroyed 277 | . 10 6 34 11 . 13 35 12 7 7 . 27 1 17 2 . 9 7 5 5 . 11 14 2 3 8 25 6 Guns 154 | . 10 6 34 11 . 11 26 7 1 2 . 3 . 3 . . 3 5 4 . . 1 6 2 3 . 12 4 Cannons 62 | . . . . . . . 4 4 1 3 . 7 1 7 2 . 3 2 1 1 . 9 6 . . 8 1 2 AOE 44 | . . . . . . 2 5 . 3 2 . 17 . 6 . . 3 . . 2 . . 2 . . . 2 . Classes Destroyed 21 | 2 3 . 4 . . . 3 1 1 . . 1 . 2 . . 1 . . . . 3 . . . . . . Worker 21 | . . . 1 1 . 1 2 1 . . . . . 1 . . 2 . . . . . 8 . . 1 1 2 Builder 12 | . . . . . . . . . . . . . . 2 . . . . . . . . 3 . . 3 4 . Tunneler 8 | 1 . 1 . 1 . . . . . . . . . 2 . . . . . . . . 1 . 1 . 1 . Hauler 15 | . 2 . 4 . . . 3 . . . . . . . . . 1 . . . . . 2 . . 1 2 . Recycler 13 | 1 . . 1 . . . . . . . . . . 3 . . 1 . . . . . 1 . 1 3 1 1 Mechanic 2 | . . . . . . . 1 . . . . . . . . . . . . . . . 1 . . . . . Operator 4 | . . . 2 . . . . . . . . . . . . . 1 . . . . . 1 . . . . . Drone 1 | . . . . . . . . . . . . . . . . . . . . . . 1 . . . . . . Watcher 8 | . . . 4 . . . 2 . . . . . . . . . 1 1 . . . . . . . . . . Swarmer 61 | . 3 4 18 3 . 3 . 4 . 2 . 11 . . . . 3 4 . . . 1 . . . 5 . . Saboteur 1 | . . . . . . . . . . . . 1 . . . . . . . . . . . . . . . . Grunt 116 | . 7 2 8 8 . 10 28 3 5 3 . 6 . 11 . . 3 . 4 5 . 1 . 1 . 2 9 . Brawler 5 | . . . . . . . . . 1 . . 3 . . . . . . . . . . . 1 . . . . Duelist 10 | . . . . . . . 2 1 1 1 . 3 . . . . . . . . . 2 . . . . . . Protector 3 | . . . . . . . 1 . . . . . . . . . . . . . . 2 . . . . . . Sentry 31 | . . . 8 . . . 4 1 . 1 . 2 . 3 . . 2 . 1 . . 2 2 . 1 . 4 . Demolisher 2 | . . . . . . . . . . . . . . . . . . . . . . 2 . . . . . . Specialist 1 | . . . . . . . . . . . . . . . . . 1 . . . . . . . . . . . Hunter 10 | . . . . . . . . . . . . . . 1 . . . . . . . . 2 . . 1 4 2 Programmer 31 | . . . . . . . . 3 . . . 1 1 . . . . 3 . . . . 10 . 2 . 7 4 Behemoth 2 | . . . . . . . . . . . . . . . . . . . . . . 1 . . . . 1 . Cetus Guard 2 | . . . . . . . . . . . . . . . 2 . . . . . . . . . . . . . Thug 2 | . . . . . . . . . . . . . . 2 . . . . . . . . . . . . . . Guerrilla 2 | . . . . . . . . . . . . . . 2 . . . . . . . . . . . . . . Best Kill Streak 17 | 2 5 3 5 3 . 3 7 5 4 4 . 14 1 11 2 . 7 4 4 5 . 5 17 2 3 6 12 3 Combat Bots Only 14 | . 5 3 5 3 . 3 5 5 4 4 . 14 1 6 2 . 4 4 4 5 . 5 5 2 2 5 12 2 Max Kills in Single Turn 6 | 1 1 1 2 2 . 1 2 2 1 2 . 3 1 4 1 . 3 1 1 2 . 1 6 1 1 2 2 1 Gunslinging 1 | . . . 1 1 . . . . . . . . . . . . . . . . . . . . . . . . Exploded 3 | . . . . . . 1 2 . 1 2 . 3 . 2 . . 2 . . 1 . . 1 . . . 1 . Melee . | . . . . . . . . . . . . . . . . . . . . . . . . . . . . . Uniques/NPCs Destroyed . | . . . . . . . . . . . . . . . . . . . . . . . . . . . . . Combat | -11 -10 -10 -9 -9 -9 -8 -8 -7 -7 -7 -7 -6 -6 -6 -6 -6 -6 -5 -5 -5 -5 -4 -4 -4 -4 -3 -2 -1 -------- Run | Yrd Mat Min Mat Min Exi Min Mat Fac Low Low Dat Pro Fac Ext Cet Arc Hub Fac Upp Upp Zhi Pro Fac Was Fac Res Res Acc Hostile Shots Fired 1841 | . 75 29 141 39 . 72 134 66 34 42 . 135 6 194 2 1 83 41 38 5 . 71 105 6 23 130 248 121 Missed 524 | . 22 6 54 15 . 17 39 24 7 11 . 51 1 71 . 1 30 9 7 3 . 11 28 3 5 42 39 28 Damage Taken 21343 | . 602 337 936 311 . 790 1360 501 531 402 . 1312 79 1377 39 28 857 544 602 38 . 1908 1608 57 232 761 4093 2038 Core 1708 | . 103 79 89 44 . 71 137 46 140 44 . 157 . 84 26 . 135 53 54 . . 69 45 . . 82 141 109 Absorbed by Shields 1836 | . . . . . . . . . . . . . . 379 13 . . . . . . . 232 . 142 735 335 . Reduced by Siege Mode 703 | . . . . . . . . . . . . . . . . . . . 37 . . 77 3 . 21 41 381 143 Redirected to Shielding 172 | . . . . . . . . . . . . . . . . . . . . . . 172 . . . . . . Ignored by Resistances 1529 | . . . . . . . 178 22 6 23 . 2 . 45 . . . . . . . . . . . 75 1178 . Regen/Repaired (Parts) 416 | . . . 120 . . . 296 . . . . . . . . . . . . . . . . . . . . . Core Remaining (%) 74 | 100 . 27 . . . 49 75 . . . . 44 . . . . 71 . . . . 82 . . 96 93 90 93 Volleys Fired 845 | 8 64 17 90 20 . 46 109 30 14 12 . 37 4 53 3 1 30 15 11 10 . 36 36 16 16 32 90 45 Largest 3 | 2 2 2 3 3 . 3 3 3 3 3 . 3 3 3 3 3 3 3 3 3 . 3 3 3 3 3 3 3 Hottest 244 | 80 80 80 102 102 . 102 162 162 206 185 . 185 185 217 171 171 123 123 170 111 . 244 181 105 196 231 231 165 Shots Fired 2172 | 16 128 34 265 61 . 125 315 84 35 30 . 79 10 131 9 3 78 43 33 14 . 108 98 31 43 94 223 82 Gun 1513 | 16 128 34 265 61 . 120 283 57 21 9 . 21 3 40 . . 48 28 26 4 . 46 42 22 36 31 141 31 Cannon 597 | . . . . . . . 28 27 11 18 . 39 7 82 9 3 24 15 7 6 . 62 56 9 7 63 74 50 Launcher 62 | . . . . . . 5 4 . 3 3 . 19 . 9 . . 6 . . 4 . . . . . . 8 1 Special . | . . . . . . . . . . . . . . . . . . . . . . . . . . . . . Kinetic 1257 | . . 30 182 41 . 80 182 30 3 9 . 20 3 88 9 3 72 42 27 6 . 82 62 22 36 31 141 56 Thermal 853 | 16 128 4 83 20 . 40 129 54 29 18 . 40 7 34 . . . 1 6 4 . 26 36 9 7 63 74 25 Explosive 43 | . . . . . . 5 4 . 3 3 . 19 . 9 . . . . . . . . . . . . . . Electromagnetic 19 | . . . . . . . . . . . . . . . . . 6 . . 4 . . . . . . 8 1 Robot Hit Streak 44 | 14 15 6 14 5 . 9 44 10 16 5 . 7 3 13 6 8 7 5 20 12 . 19 11 4 12 10 27 31 Robot Miss Streak 8 | . 5 4 6 2 . 5 3 2 2 2 . 3 3 8 . 1 6 5 2 2 . 2 4 2 2 4 2 3 Penetration Max 2 | . . . . . . . . . . 1 . . . 1 . . 1 1 . . . 1 1 . 1 2 1 1 Secondary Targets 13 | . . 1 5 3 . 1 2 . . . . . . . . . . . . . . . . . 1 . . . Max Gunslinging Chain 2 | . . 1 1 2 . 1 1 . . . . . . . . . . . . . . . . . 1 . . . Shots Hit Robots 1411 | 14 81 20 143 37 . 81 230 52 25 16 . 36 5 60 5 2 37 21 25 8 13 115 61 16 33 48 176 51 Core Hits 726 | 3 29 9 65 20 . 35 100 21 15 13 . 54 2 67 3 1 25 12 14 7 5 43 49 6 11 28 69 20 Critical Kills 38 | . . 1 . . . . . 1 1 . . . . 8 2 . 5 3 2 . . 3 5 1 . 1 3 2 Critical Parts Destroyed 52 | . . . . . . . . . . . . . . 14 2 1 7 1 3 . . 4 7 . . . 9 4 Critical Strikes 125 | . . 1 5 . . 2 7 3 1 1 . . . 30 4 1 12 4 5 . . 12 13 1 . 1 14 8 Burn 17 | . . . 5 . . 2 7 2 . . . . . 1 . . . . . . . . . . . . . . Meltdown 6 | . . . . . . . . 1 1 . . . . 1 . . . . . . . 1 . . . . 2 . Destroy 94 | . . 1 . . . . . . . . . . . 27 4 1 12 4 5 . . 7 13 1 . 1 12 6 Blast 4 | . . . . . . . . . . 1 . . . 1 . . . . . . . . . . . . . 2 Sever 4 | . . . . . . . . . . . . . . . . . . . . . . 4 . . . . . . Melee Attacks 61 | . . . . . . . . . . . . . . 3 . . . . . . 13 38 . 7 . . . . Impact . | . . . . . . . . . . . . . . . . . . . . . . . . . . . . . Slashing 58 | . . . . . . . . . . . . . . . . . . . . . 13 38 . 7 . . . . Piercing 3 | . . . . . . . . . . . . . . 3 . . . . . . . . . . . . . . Sneak Attacks . | . . . . . . . . . . . . . . . . . . . . . . . . . . . . . Combat Hostiles . | . . . . . . . . . . . . . . . . . . . . . . . . . . . . . Follow-up Attacks . | . . . . . . . . . . . . . . . . . . . . . . . . . . . . . Damage Inflicted 42683 | 154 918 307 2146 571 . 1582 3981 1076 712 625 . 2532 129 3434 128 21 1404 697 621 555 1108 4604 4096 538 1009 1787 6223 1725 Guns 19840 | 154 905 307 2139 550 . 1198 3087 705 290 134 . 247 46 707 . . 681 479 495 49 . 1079 1033 216 872 518 3075 874 Cannons 9904 | . . . . . . . 432 371 165 284 . 500 83 1116 128 21 312 130 126 35 . 1158 1091 . 137 1206 1922 687 Explosions 8706 | . . . . . . 302 455 . 257 207 . 1785 . 1579 . . 411 88 . 471 . . 1873 . . . 1176 102 Melee 3797 | . . . . . . . . . . . . . . . . . . . . . 1108 2367 . 322 . . . . Ramming 436 | . 13 . 7 21 . 82 7 . . . . . . 32 . . . . . . . . 99 . . 63 50 62 Kinetic 17893 | . . 263 1454 390 . 728 1545 285 37 203 . 332 32 1201 128 21 993 609 467 84 . 1763 1329 216 872 518 3075 1348 Thermal 12415 | 154 905 44 685 160 . 470 1974 791 418 215 . 415 97 622 . . 90 88 154 . . 474 1087 . 137 1206 2016 213 Explosive 6166 | . . . . . . 302 455 . 257 207 . 1785 . 1579 . . . . . . . . 1581 . . . . . Electromagnetic 1976 | . . . . . . . . . . . . . . . . . 321 . . 471 . . . . . . 1082 102 Impact . | . . . . . . . . . . . . . . . . . . . . . . . . . . . . . Slashing 3797 | . . . . . . . . . . . . . . . . . . . . . 1108 2367 . 322 . . . . Piercing . | . . . . . . . . . . . . . . . . . . . . . . . . . . . . . Highest Corruption 16 | . . . 1 1 1 1 . 2 2 2 2 4 . . . . . 1 1 1 1 1 13 13 16 1 7 7 Average Corruption 2 | . . . 1 1 1 1 . 1 2 2 2 2 . . . . . 1 1 1 1 1 3 13 14 1 5 4 Corruption Purged . | . . . . . . . . . . . . . . . . . . . . . . . . . . . . . Corruption Blocked . | . . . . . . . . . . . . . . . . . . . . . . . . . . . . . Effects 234 | . . . 13 11 5 11 . 11 10 13 5 11 . . . . . . 3 4 6 6 18 38 15 2 35 17 Message Errors 57 | . . . 2 5 2 2 . 4 3 4 . 2 . . . . . . . 3 1 2 2 10 1 1 8 5 Matter Fused 49 | . . . 4 2 1 2 . 2 2 2 2 . . . . . . . . . 1 1 6 6 8 . 9 1 Heat Flow Errors 27 | . . . 3 . . 1 . 2 . 2 . 2 . . . . . . . . 1 . 4 6 . . 4 2 Energy Discharges 36 | . . . 2 1 1 2 . 1 1 3 1 2 . . . . . . 2 . . 1 2 4 4 1 7 1 Parts Rejected 1 | . . . . . . . . . . . . . . . . . . . . . . . . . . . . 1 Data Loss (minor) 31 | . . . 2 2 1 2 . 1 2 2 2 3 . . . . . . 1 . 2 . 2 3 1 . 2 3 Data Loss (major) 13 | . . . . . . 1 . 1 1 . . . . . . . . . . . 1 2 . 2 . . 2 3 Misfires 6 | . . . . 1 . . . . . . . 1 . . . . . . . . . . . 3 . . 1 . Alerts 6 | . . . . . . . . . 1 . . 1 . . . . . . . 1 . . . 2 1 . . . Weapon Failures 8 | . . . . . . 1 . . . . . . . . . . . . . . . . 2 2 . . 2 1 Overload Shots . | . . . . . . . . . . . . . . . . . . . . . . . . . . . . . Overflow Damage 814 | . . . . . . . . 13 . . . 45 . 21 . . 27 38 . 3 157 104 154 . 5 55 118 74 Projectiles 296 | . . . . . . . . 13 . . . 14 . 3 . . 27 . . . . 29 43 . 5 28 107 27 Explosions 186 | . . . . . . . . . . . . 31 . 18 . . . 38 . 3 . . 88 . . . 8 . Melee 332 | . . . . . . . . . . . . . . . . . . . . . 157 75 23 . . 27 3 47 Knockbacks 18 | . . . . . . . . . . 2 . 2 . 1 . . 1 1 2 . . 1 4 . . 1 . 3 Impact 3 | . . . . . . . . . . . . . . . . . . . . . . . 1 . . 1 . 1 Kinetic 15 | . . . . . . . . . . 2 . 2 . 1 . . 1 1 2 . . 1 3 . . . . 2 Secondary . | . . . . . . . . . . . . . . . . . . . . . . . . . . . . . Self-Inflicted Damage 448 | . . . . . . . . . . . . 57 . 27 . . 138 . . . . . 174 . . . 25 27 Shots 12 | . . . . . . . . . . . . 2 . 1 . . 2 . . . . . 3 . . . 3 1 Rammed 20 | . 4 . 2 3 . 5 1 . . . . . . . . . . . . . . . 1 . . 2 1 1 Targets Rammed 27 | . 4 . 2 3 . 5 1 . . . . . 1 2 . . . . . . . . 3 . . 3 2 1 Kicked 3 | . . . . . . . . . . . . . 1 2 . . . . . . . . . . . . . . Crushed 4 | . . . . . . . . . . . . . . . . . . . . . . . 2 . . 1 1 . Highest Temperature 348 | 37 144 8 258 48 . 91 348 194 197 214 . 187 175 199 62 60 198 18 199 80 190 192 165 166 . 198 196 118 Average Temperature 69 | 14 38 8 74 26 . 13 80 77 111 88 . 90 86 73 32 35 63 7 118 40 104 101 91 64 . 87 56 58 Received Heat Transfer 4885 | . 288 105 300 204 . 378 909 129 216 114 . 279 . 393 . . 222 . 306 18 . 126 118 18 . 33 729 . Siege Activations 30 | . . . . . . . . . . . . . . . . . . 1 1 1 . 6 3 . 2 4 9 3 Total Turns 522 | . . . . . . . . . . . . . . . . . . 5 29 3 . 89 9 . 32 60 226 69 Longest Duration 87 | . . . . . . . . . . . . . . . . . . 5 29 3 . 29 6 . 23 30 87 42 Robots Corrupted 10 | . . . . . . . . . . . . . . . . . . . . 2 . . . . . . 7 1 Combat Hostiles 9 | . . . . . . . . . . . . . . . . . . . . 2 . . . . . . 7 . Parts Fried 19 | . . . . . . . . . . . . . . 1 . . 2 . . 3 . . 1 . . . 11 1 Impact Corruptions 7 | . . . . . . . . . . . . . . . . . . . . . . . 2 . . 2 1 2 Robots Melted 8 | . . . . . . . . 1 2 . . . . 1 . . . . . . . 1 . . . . 3 . Combat Hostiles 8 | . . . . . . . . 1 2 . . . . 1 . . . . . . . 1 . . . . 3 . Parts Melted 59 | . 6 . 2 1 . . 6 9 5 1 . . . 3 . . . . . . . 4 . . 2 7 13 . Heat Transferred 23031 | 350 2075 100 2055 407 . 1332 4514 1554 777 407 . 777 148 1287 . . 50 50 350 . . 501 1300 . 200 1812 2800 185 Parts Sabotaged . | . . . . . . . . . . . . . . . . . . . . . . . . . . . . . Parts Stolen . | . . . . . . . . . . . . . . . . . . . . . . . . . . . . . Parts Stripped . | . . . . . . . . . . . . . . . . . . . . . . . . . . . . . Power Chain Reactions 3 | . . . . . . . . . . . . . . . . . 2 . . . . . . . . . 1 . Alert | -11 -10 -10 -9 -9 -9 -8 -8 -7 -7 -7 -7 -6 -6 -6 -6 -6 -6 -5 -5 -5 -5 -4 -4 -4 -4 -3 -2 -1 ------- Run | Yrd Mat Min Mat Min Exi Min Mat Fac Low Low Dat Pro Fac Ext Cet Arc Hub Fac Upp Upp Zhi Pro Fac Was Fac Res Res Acc Peak Influence 938 | 10 190 107 490 338 . 236 789 524 . . . . 174 915 674 441 938 459 . . . . 893 388 139 188 412 238 Initial 499 | . 6 41 41 148 . . 59 358 . . . . 102 . 499 245 154 459 . . . . 37 309 28 . . 232 Average 249 | 3 80 20 304 150 . 60 309 368 . . . . 91 528 629 419 696 280 . . . . 183 247 75 57 303 111 Maximum Alert Level 3 | . . . 2 1 . 1 3 2 . . . . . 3 2 2 3 2 . . . . 3 1 . . 2 1 Low Security (%) 51 | 100 100 100 16 76 . 92 46 . . . . . 100 14 . . 5 32 . . . . 70 53 100 100 7 70 Level 1 28 | . . . 58 23 . 7 32 88 . . . . . 26 . 16 3 42 . . . . 19 46 . . 73 29 Level 2 12 | . . . 25 . . . 8 11 . . . . . 14 100 83 44 25 . . . . 5 . . . 19 . Level 3 7 | . . . . . . . 11 . . . . . . 45 . . 46 . . . . . 4 . . . . . Level 4 . | . . . . . . . . . . . . . . . . . . . . . . . . . . . . . Level 5 . | . . . . . . . . . . . . . . . . . . . . . . . . . . . . . High Security . | . . . . . . . . . . . . . . . . . . . . . . . . . . . . . Max Security . | . . . . . . . . . . . . . . . . . . . . . . . . . . . . . Squads Dispatched 69 | . 2 . 4 . . . 5 5 . . . 1 2 4 . . 10 2 . . . . 7 . . 10 9 8 Investigation 12 | . . . . . . . 1 1 . . . . 1 . . . . . . . . . . . . 7 1 1 Extermination 15 | . . . . . . . . 3 . . . . 1 . . . . 2 . . . . 4 . . . 3 2 Reinforcement 32 | . 2 . 4 . . . 2 1 . . . . . 4 . . 6 . . . . . 3 . . 3 2 5 Assault 4 | . . . . . . . 1 . . . . 1 . . . . 1 . . . . . . . . . 1 . Garrison 6 | . . . . . . . 1 . . . . . . . . . 3 . . . . . . . . . 2 . Intercept . | . . . . . . . . . . . . . . . . . . . . . . . . . . . . . Searches Triggered . | . . . . . . . . . . . . . . . . . . . . . . . . . . . . . Construction Impeded 11 | . . . . . . . . . . . . . . 4 . . 1 . . . . . 2 . . 1 1 2 Haulers Reinforced 3 | . . . . . . . . . . . . . . . . . 1 . . . . . . . . . 1 1 Active Scanning Responses . | . . . . . . . . . . . . . . . . . . . . . . . . . . . . . Cargo Convoy Interrupts . | . . . . . . . . . . . . . . . . . . . . . . . . . . . . . Stealth | -11 -10 -10 -9 -9 -9 -8 -8 -7 -7 -7 -7 -6 -6 -6 -6 -6 -6 -5 -5 -5 -5 -4 -4 -4 -4 -3 -2 -1 --------- Run | Yrd Mat Min Mat Min Exi Min Mat Fac Low Low Dat Pro Fac Ext Cet Arc Hub Fac Upp Upp Zhi Pro Fac Was Fac Res Res Acc Distress Signals 53 | . 1 . 6 . . . 3 1 . . . . . 4 2 . 4 2 . . . 16 4 . . 6 3 1 Communications Jammed . | . . . . . . . . . . . . . . . . . . . . . . . . . . . . . Distress Signals . | . . . . . . . . . . . . . . . . . . . . . . . . . . . . . Times Spotted 442 | . 28 8 49 11 . 18 49 15 5 9 . 32 1 46 10 3 21 13 5 8 . 10 19 2 4 28 29 19 Peak Tracking Total 9 | . 8 3 6 3 . 3 6 4 3 4 . 9 1 8 5 1 4 5 4 5 . 4 6 1 2 5 7 6 Tactical Retreats 26 | . 2 1 4 . . 3 6 2 . 1 . . . 3 . . . 2 . 1 . . . . . . 1 . Traps | -11 -10 -10 -9 -9 -9 -8 -8 -7 -7 -7 -7 -6 -6 -6 -6 -6 -6 -5 -5 -5 -5 -4 -4 -4 -4 -3 -2 -1 ------- Run | Yrd Mat Min Mat Min Exi Min Mat Fac Low Low Dat Pro Fac Ext Cet Arc Hub Fac Upp Upp Zhi Pro Fac Was Fac Res Res Acc Traps Triggered 19 | . 1 . 1 . . . . 1 . . . . 1 5 . . . . . . . . 3 . . . 4 3 Indirectly . | . . . . . . . . . . . . . . . . . . . . . . . . . . . . . Trap Hack Attempts . | . . . . . . . . . . . . . . . . . . . . . . . . . . . . . Triggered . | . . . . . . . . . . . . . . . . . . . . . . . . . . . . . Disarmed . | . . . . . . . . . . . . . . . . . . . . . . . . . . . . . Reprogrammed . | . . . . . . . . . . . . . . . . . . . . . . . . . . . . . Reused . | . . . . . . . . . . . . . . . . . . . . . . . . . . . . . Traps Extracted . | . . . . . . . . . . . . . . . . . . . . . . . . . . . . . Installed . | . . . . . . . . . . . . . . . . . . . . . . . . . . . . . Triggered . | . . . . . . . . . . . . . . . . . . . . . . . . . . . . . Machines | -11 -10 -10 -9 -9 -9 -8 -8 -7 -7 -7 -7 -6 -6 -6 -6 -6 -6 -5 -5 -5 -5 -4 -4 -4 -4 -3 -2 -1 ---------- Run | Yrd Mat Min Mat Min Exi Min Mat Fac Low Low Dat Pro Fac Ext Cet Arc Hub Fac Upp Upp Zhi Pro Fac Was Fac Res Res Acc Machines Disabled 50 | . . 1 . . . 1 2 . . . . 2 1 1 . 3 4 2 . . . . 30 . . 1 1 1 Max in Single Turn 10 | . . 1 . . . 1 1 . . . . 1 1 . . . 1 2 . . . . 10 . . 1 1 1 Garrison Access 3 | . . . . . . . 1 . . . . . . . . . . . . . . . . . . 1 1 . Machines Repaired . | . . . . . . . . . . . . . . . . . . . . . . . . . . . . . Machines Dismantled . | . . . . . . . . . . . . . . . . . . . . . . . . . . . . . Machines Sabotaged . | . . . . . . . . . . . . . . . . . . . . . . . . . . . . . Overloaded Fab Kills . | . . . . . . . . . . . . . . . . . . . . . . . . . . . . . Hacking | -11 -10 -10 -9 -9 -9 -8 -8 -7 -7 -7 -7 -6 -6 -6 -6 -6 -6 -5 -5 -5 -5 -4 -4 -4 -4 -3 -2 -1 --------- Run | Yrd Mat Min Mat Min Exi Min Mat Fac Low Low Dat Pro Fac Ext Cet Arc Hub Fac Upp Upp Zhi Pro Fac Was Fac Res Res Acc Machines Accessed 70 | . 6 1 10 . 1 . 7 4 1 . 4 . 4 1 . . 4 5 . 1 6 . 3 . 1 3 6 2 Terminals 45 | . 6 . 7 . . . 5 3 . . . . 3 1 . . 4 4 . . . . 3 . 1 1 5 2 Fabricators 2 | . . . . . . . . 1 . . . . . . . . . 1 . . . . . . . . . . Repair Stations 4 | . . . 2 . . . 2 . . . . . . . . . . . . . . . . . . . . . Recycling Units . | . . . . . . . . . . . . . . . . . . . . . . . . . . . . . Scanalyzers 1 | . . . 1 . . . . . . . . . . . . . . . . . . . . . . . . . Garrison Access 4 | . . . . . . . . . . . . . 1 . . . . . . . . . . . . 2 1 . Total Hacks 207 | . 22 1 36 . 1 . 26 7 1 . 29 . 9 1 . . 13 11 . 1 19 . 7 . 2 6 12 3 Successful 109 | . 8 1 16 . 1 . 11 1 1 . 29 . 5 . . . 5 5 . 1 19 . 1 . . . 4 1 Failed 98 | . 14 . 20 . . . 15 6 . . . . 4 1 . . 8 6 . . . . 6 . 2 6 8 2 Catastrophic 21 | . 1 . 1 . . . 1 3 . . . . 1 1 . . 2 3 . . . . 1 . 1 3 3 . Database Lockouts . | . . . . . . . . . . . . . . . . . . . . . . . . . . . . . Manual 92 | . 17 . 15 . 1 . 10 6 . . . . 7 1 1 . 9 7 . . . . 5 . 2 1 8 2 Terminals 123 | . 22 . 26 . . . 16 6 . . . . 7 1 . . 13 9 . . . . 7 . 2 1 10 3 Fabricators 3 | . . . . . . . . 1 . . . . . . . . . 2 . . . . . . . . . . Repair Stations 16 | . . . 6 . . . 10 . . . . . . . . . . . . . . . . . . . . . Recycling Units . | . . . . . . . . . . . . . . . . . . . . . . . . . . . . . Scanalyzers 4 | . . . 4 . . . . . . . . . . . . . . . . . . . . . . . . . Garrison Access 9 | . . . . . . . . . . . . . 2 . . . . . . . . . . . . 5 2 . Terminal Hacks 71 | . 5 1 5 . 1 . 1 . 1 . 29 . 2 . . . 2 2 . 1 19 . . . . . 1 1 Record 18 | . . . . . . . . . . . 11 . . . . . . . . . 7 . . . . . . . Part Schematic 15 | . 2 . . . . . . . . . 9 . . . . . . . . . 4 . . . . . . . Robot Schematic 6 | . . . . . . . . . . . 6 . . . . . . . . . . . . . . . . . Robot Analysis 4 | . . . . . . . . . . . . . . . . . . . . . 4 . . . . . . . Prototype ID Bank 7 | . . . . . . . . . . . 3 . . . . . . . . . 4 . . . . . . . Open Door 4 | . . 1 . . . . . . 1 . . . . . . . . . . 1 . . . . . . . 1 Level Access Points 1 | . . . . . . . . . . . . . . . . . . . . . . . . . . . 1 . Branch Access Points 3 | . 1 . 1 . . . . . . . . . 1 . . . . . . . . . . . . . . . Emergency Access Points 1 | . . . . . . . . . . . . . . . . . 1 . . . . . . . . . . . Unreport Threat 2 | . . . 1 . . . . . . . . . . . . . . 1 . . . . . . . . . . Locate Traps 3 | . . . 2 . . . . . . . . . 1 . . . . . . . . . . . . . . . Hauler Manifests 1 | . 1 . . . . . . . . . . . . . . . . . . . . . . . . . . . Zone Layout 5 | . 1 . 1 . . . 1 . . . . . . . . . 1 1 . . . . . . . . . . Derelict Proto ID Bank 1 | . . . . . 1 . . . . . . . . . . . . . . . . . . . . . . . Fabricator Hacks 1 | . . . . . . . . . . . . . . . . . . 1 . . . . . . . . . . Network Status 1 | . . . . . . . . . . . . . . . . . . 1 . . . . . . . . . . Repair Station Hacks 10 | . . . 3 . . . 7 . . . . . . . . . . . . . . . . . . . . . Scan Component 6 | . . . 2 . . . 4 . . . . . . . . . . . . . . . . . . . . . Repair 4 | . . . 1 . . . 3 . . . . . . . . . . . . . . . . . . . . . Recycling Unit Hacks . | . . . . . . . . . . . . . . . . . . . . . . . . . . . . . Scanalyzer 4 | . . . 4 . . . . . . . . . . . . . . . . . . . . . . . . . Insert Component 2 | . . . 2 . . . . . . . . . . . . . . . . . . . . . . . . . Analyze 2 | . . . 2 . . . . . . . . . . . . . . . . . . . . . . . . . Garrison Access Hacks . | . . . . . . . . . . . . . . . . . . . . . . . . . . . . . Unauthorized Hacks 23 | . 3 . 4 . . . 3 1 . . . . 3 . . . 3 2 . . . . 1 . . . 3 . Terminals 23 | . 3 . 4 . . . 3 1 . . . . 3 . . . 3 2 . . . . 1 . . . 3 . Assimilate 1 | . . . 1 . . . . . . . . . . . . . . . . . . . . . . . . . Botnet 22 | . 3 . 3 . . . 3 1 . . . . 3 . . . 3 2 . . . . 1 . . . 3 . Fabricators . | . . . . . . . . . . . . . . . . . . . . . . . . . . . . . Repair Stations . | . . . . . . . . . . . . . . . . . . . . . . . . . . . . . Recycling Units . | . . . . . . . . . . . . . . . . . . . . . . . . . . . . . Scanalyzers . | . . . . . . . . . . . . . . . . . . . . . . . . . . . . . Garrison Access . | . . . . . . . . . . . . . . . . . . . . . . . . . . . . . Data Cores Recovered 1 | . . . . . . . . . . . . . . . . . 1 . . . . . . . . . . . Used . | . . . . . . . . . . . . . . . . . . . . . . . . . . . . . Hacking Detections 55 | . 6 . 9 . . . 7 4 . . . . 4 1 . . 4 5 . . . . 3 . 1 3 6 2 Full Trace Events 6 | . . . 2 . . . 1 . . . . . . . . . . . . . . . . . . 2 1 . Feedback Events 1 | . . . . . . . . . . . . . . . . . . . . . . . . . . 1 . . Corruption 1 | . . . . . . . . . . . . . . . . . . . . . . . . . . 1 . . Feedback Blocked . | . . . . . . . . . . . . . . . . . . . . . . . . . . . . . Robot Schematics Acquired 6 | . . . . . . . . . . . 6 . . . . . . . . . . . . . . . . . Robots Built . | . . . . . . . . . . . . . . . . . . . . . . . . . . . . . Authchips . | . . . . . . . . . . . . . . . . . . . . . . . . . . . . . Time . | . . . . . . . . . . . . . . . . . . . . . . . . . . . . . Total Robot Build Rating . | . . . . . . . . . . . . . . . . . . . . . . . . . . . . . Part Schematics Acquired 17 | . 2 . 2 . . . . . . . 9 . . . . . . . . . 4 . . . . . . . Parts Built . | . . . . . . . . . . . . . . . . . . . . . . . . . . . . . Authchips . | . . . . . . . . . . . . . . . . . . . . . . . . . . . . . Time . | . . . . . . . . . . . . . . . . . . . . . . . . . . . . . Total Part Build Rating . | . . . . . . . . . . . . . . . . . . . . . . . . . . . . . Parts Repaired 4 | . . . 1 . . . 3 . . . . . . . . . . . . . . . . . . . . . Time 159 | . . . 32 . . . 127 . . . . . . . . . . . . . . . . . . . . . Parts Recycled . | . . . . . . . . . . . . . . . . . . . . . . . . . . . . . Recycled Matter . | . . . . . . . . . . . . . . . . . . . . . . . . . . . . . Retrieved Matter . | . . . . . . . . . . . . . . . . . . . . . . . . . . . . . Retrieved Components . | . . . . . . . . . . . . . . . . . . . . . . . . . . . . . Parts Scanalyzed 2 | . . . 2 . . . . . . . . . . . . . . . . . . . . . . . . . Part Schematics Acquired 2 | . . . 2 . . . . . . . . . . . . . . . . . . . . . . . . . Parts Damaged . | . . . . . . . . . . . . . . . . . . . . . . . . . . . . . Bothacking | -11 -10 -10 -9 -9 -9 -8 -8 -7 -7 -7 -7 -6 -6 -6 -6 -6 -6 -5 -5 -5 -5 -4 -4 -4 -4 -3 -2 -1 ------------ Run | Yrd Mat Min Mat Min Exi Min Mat Fac Low Low Dat Pro Fac Ext Cet Arc Hub Fac Upp Upp Zhi Pro Fac Was Fac Res Res Acc Used RIF Installer . | . . . . . . . . . . . . . . . . . . . . . . . . . . . . . Robots Hacked . | . . . . . . . . . . . . . . . . . . . . . . . . . . . . . Non-combat . | . . . . . . . . . . . . . . . . . . . . . . . . . . . . . Combat . | . . . . . . . . . . . . . . . . . . . . . . . . . . . . . Robot Hacks Applied . | . . . . . . . . . . . . . . . . . . . . . . . . . . . . . Relay Couplers Released 9 | . . . . . . . 2 . . . . . . . . . . . . . . . 4 . . 2 1 . Machine Destruction 5 | . . . . . . . 2 . . . . . . . . . . . . . . . . . . 2 1 . Programmers 4 | . . . . . . . . . . . . . . . . . . . . . . . 4 . . . . . Fabnet Peak Effective % . | . . . . . . . . . . . . . . . . . . . . . . . . . . . . . Robots Rewired 21 | . . . . . . . . . . . . 2 . 19 . . . . . . . . . . . . . . Allies Hacked . | . . . . . . . . . . . . . . . . . . . . . . . . . . . . . Hacks Repelled . | . . . . . . . . . . . . . . . . . . . . . . . . . . . . . Allies | -11 -10 -10 -9 -9 -9 -8 -8 -7 -7 -7 -7 -6 -6 -6 -6 -6 -6 -5 -5 -5 -5 -4 -4 -4 -4 -3 -2 -1 -------- Run | Yrd Mat Min Mat Min Exi Min Mat Fac Low Low Dat Pro Fac Ext Cet Arc Hub Fac Upp Upp Zhi Pro Fac Was Fac Res Res Acc Total Allies 36 | . . 1 . . . . . . . . . 2 . 28 5 . . . . . . . . . . . . . Largest Group 19 | . . 1 . . . . . . . . . 2 . 15 19 17 11 . . . . . . . . . . . Highest-Rated Group 1051 | . . 31 . . . . . . . . . 40 . 589 1051 966 522 . . . . . . . . . . . Highest-Rated Ally 159 | . . 31 . . . . . . . . . 20 . 159 159 152 96 . . . . . . . . . . . Total Orders 8 | . . . . . . . . 3 . . . . 1 . . . . . 2 . . . . . . . . 2 EXPLORE 8 | . . . . . . . . 3 . . . . 1 . . . . . 2 . . . . . . . . 2 Ally Attacks 453 | . . . . . . . . . . . . 11 . 246 55 21 120 . . . . . . . . . . . Total Damage 10670 | . . . . . . . . . . . . 252 . 5607 1038 361 3412 . . . . . . . . . . . Kills 71 | . . . . . . . . . . . . . . 38 8 5 20 . . . . . . . . . . . Allies Corrupted . | . . . . . . . . . . . . . . . . . . . . . . . . . . . . . Allies Melted . | . . . . . . . . . . . . . . . . . . . . . . . . . . . . . Intel | -11 -10 -10 -9 -9 -9 -8 -8 -7 -7 -7 -7 -6 -6 -6 -6 -6 -6 -5 -5 -5 -5 -4 -4 -4 -4 -3 -2 -1 ------- Run | Yrd Mat Min Mat Min Exi Min Mat Fac Low Low Dat Pro Fac Ext Cet Arc Hub Fac Upp Upp Zhi Pro Fac Was Fac Res Res Acc Robot Analysis Total 4 | . . . . . . . . . . . . . . . . . . . . . 4 . . . . . . . Derelict Logs Recovered 10 | . . 1 . 3 . . . . 1 1 . 2 . . . . . . . 1 . 1 . . . . . . Drone Launches 13 | . . . . . . . . 3 . . . . 1 . . . . . 3 . . . . . . . . 6 Drone Recoveries 8 | . . . . . . . . 3 . . . . . . . . . . 2 . . . . . . . . 3 Exploration | -11 -10 -10 -9 -9 -9 -8 -8 -7 -7 -7 -7 -6 -6 -6 -6 -6 -6 -5 -5 -5 -5 -4 -4 -4 -4 -3 -2 -1 ------------- Run | Yrd Mat Min Mat Min Exi Min Mat Fac Low Low Dat Pro Fac Ext Cet Arc Hub Fac Upp Upp Zhi Pro Fac Was Fac Res Res Acc Turns Passed 29417 | 112 1084 2126 2417 1277 627 1259 1877 1051 1056 1013 240 932 496 2312 619 256 739 1147 446 508 350 616 1395 863 438 1244 1563 1354 Spaces Moved 11514 | 56 532 545 958 500 259 445 501 371 411 401 97 331 227 903 210 96 261 458 238 292 182 224 507 390 221 469 700 729 Core 22 | 22 . . . . . . . . . . . . . . . . . . . . . . . . . . . . Treads 9648 | . 515 545 958 500 259 445 501 225 411 401 97 256 . . . 51 261 458 238 292 182 224 436 274 221 469 700 729 Legs 1400 | 34 17 . . . . . . . . . . . 215 903 210 21 . . . . . . . . . . . . Wheels 444 | . . . . . . . . 146 . . . 75 12 . . 24 . . . . . . 71 116 . . . . Hover . | . . . . . . . . . . . . . . . . . . . . . . . . . . . . . Flight . | . . . . . . . . . . . . . . . . . . . . . . . . . . . . . Fastest Speed 50 | 50 120 160 160 240 240 240 240 210 242 242 242 225 200 200 200 200 240 160 160 160 160 160 160 163 163 163 152 148 Average Speed 203 | 111 158 160 206 240 240 240 241 229 242 242 242 238 202 200 200 242 240 229 160 160 160 160 236 199 163 236 157 151 Slowest Speed 640 | 200 160 160 240 240 240 240 243 242 325 242 242 242 270 200 200 640 240 240 160 160 160 160 285 285 163 243 160 152 Overloaded Moves . | . . . . . . . . . . . . . . . . . . . . . . . . . . . . . Propulsion Burnouts . | . . . . . . . . . . . . . . . . . . . . . . . . . . . . . Robots Hopped 1 | . . . . . . . . . . . . . . 1 . . . . . . . . . . . . . . Cave-ins Triggered . | . . . . . . . . . . . . . . . . . . . . . . . . . . . . . Exploration Rate (%) 54 | 6 97 98 74 92 61 87 49 54 60 69 69 59 51 95 56 77 25 12 58 55 60 38 17 95 6 26 22 20 Regions Visited 28 Branch Regions 16 Pre-discovered Areas 8 | . . 1 . 1 . . . . 1 1 1 . . . . . . . . . 3 . . . . . . . Known Exits Taken 6 | . 1 . 1 . . . 1 . . . . . 1 . . . . 1 . . . . . . . . 1 . Unknown Exits Taken 20 | 1 . 1 . 1 1 1 . 1 1 1 1 1 . 1 1 1 1 . 1 1 1 1 . . 1 1 . . Scrap Searched 15 | . . 2 . 2 . 1 . . 1 2 . 4 . . . . . . 2 1 . . . . . . . . Spaces Dug 47 | . . . . . . . . . . . . 3 1 2 . . . 1 . 4 . . 3 9 1 . 6 17 Terrain Destroyed 614 | . . . . . . 34 14 . 14 27 . 79 1 79 2 . 16 32 4 5 . 5 185 21 5 32 24 35 Melee 2 | . . . . . . . . . . . . . . 2 . . . . . . . . . . . . . . Projectile 208 | . . . . . . . . . . 2 . 6 1 23 2 . 13 15 4 5 . 5 19 21 5 32 20 35 AOE 403 | . . . . . . 34 14 . 14 25 . 73 . 54 . . 2 17 . . . . 166 . . . 4 . Terrain Rammed . | . . . . . . . . . . . . . . . . . . . . . . . . . . . . . Walls Destroyed . | . . . . . . . . . . . . . . . . . . . . . . . . . . . . . Machines Disabled . | . . . . . . . . . . . . . . . . . . . . . . . . . . . . . Actions | -11 -10 -10 -9 -9 -9 -8 -8 -7 -7 -7 -7 -6 -6 -6 -6 -6 -6 -5 -5 -5 -5 -4 -4 -4 -4 -3 -2 -1 --------- Run | Yrd Mat Min Mat Min Exi Min Mat Fac Low Low Dat Pro Fac Ext Cet Arc Hub Fac Upp Upp Zhi Pro Fac Was Fac Res Res Acc Total 15673 | 85 643 1764 1194 529 269 533 950 512 443 419 103 406 254 1294 406 117 312 524 278 319 224 345 623 440 265 532 985 905 Wait 2364 | 9 12 1194 76 5 . 25 284 98 . . . 3 . 51 174 6 14 27 22 5 1 36 50 1 18 17 136 100 Move 11484 | 55 531 544 957 499 258 444 500 370 410 400 96 330 226 900 209 95 260 457 237 291 181 223 507 389 220 468 699 728 Hop 1 | . . . . . . . . . . . . . . 1 . . . . . . . . . . . . . . Pick Up 163 | 5 10 2 24 . 1 3 18 3 3 1 . 7 7 12 6 . 3 8 2 3 5 2 8 4 2 3 16 5 Fast Attach 133 | 7 9 1 18 1 . 2 12 1 4 1 3 1 4 14 3 6 . 3 . 2 8 . 9 4 2 3 13 2 Attach 101 | . 1 1 3 . 3 5 8 3 5 2 . 7 3 3 . 1 1 2 4 . 2 7 6 1 1 3 17 12 Detach 20 | . . . . . 3 . 1 1 . . . . 1 1 . . . . 1 . 2 . . 3 . 2 3 2 Swap 81 | 1 . 3 5 . . 2 2 4 4 3 1 11 4 10 1 1 3 3 1 4 . 3 1 6 2 . . 6 Drop 154 | . 12 2 19 1 4 1 15 2 3 . 3 1 4 17 10 7 1 9 . 4 12 . 3 6 4 1 9 4 Fire 845 | 8 64 17 90 20 . 46 109 30 14 12 . 37 4 53 3 1 30 15 11 10 . 36 36 16 16 32 90 45 Melee 61 | . . . . . . . . . . . . . . 3 . . . . . . 13 38 . 7 . . . . Ram . | . . . . . . . . . . . . . . . . . . . . . . . . . . . . . Kick 3 | . . . . . . . . . . . . . 1 2 . . . . . . . . . . . . . . Crush 24 | . 4 . 2 3 . 5 1 . . . . . . . . . . . . . . . 3 . . 3 2 1 Escape Stasis 38 | . . . . . . . . . . . . . . 38 . . . . . . . . . . . . . . Rewire 201 | . . . . . . . . . . . . 9 . 189 . . . . . . . . . 3 . . . . Trap . | . . . . . . . . . . . . . . . . . . . . . . . . . . . . . Miscellaneous . | . . . . . . . . . . . . . . . . . . . . . . . . . . . . . Route ------- -11/Scrapyard -10/Materials (discovered 5 exits: *Mat x3 / *Min x2) -10/Mines (discovered 2 exits: *Mat x2) -9/Materials (discovered 5 exits: *Mat x3 / *Min / *Sto) -9/Mines (discovered 3 exits: *Mat x2 / *Exi) -9/Exiles -8/Mines -8/Materials (discovered 3 exits: *Fac x3) -7/Factory (discovered 3 exits: *Fac x2 / *Low) -7/Lower Caves -7/Lower Caves (discovered 2 exits: *Fac / *Dat) -7/Data Miner -6/Proximity Caves -6/Factory (discovered 6 exits: *Fac x2 / Low x2 / *Ext x2) -6/Extension (discovered 2 exits: *Fac / *Cet) -6/Cetus (discovered 2 exits: *Fac / [*Arc]) -6/Archives (discovered 3 exits: *Fac / *Hub x2) -6/Hub_04(d) (discovered 3 exits: *Fac x3) -5/Factory (discovered 2 exits: *Upp x2) -5/Upper Caves -5/Upper Caves -5/Zhirov -4/Proximity Caves -4/Factory -4/Waste -4/Factory -3/Research (discovered 2 exits: *Res / Tes) -2/Research (discovered 3 exits: *Acc x3) -1/Access To Epsilon Eridani History --------- Turn | Location | Event 17 | -11/Scrapyard | Discovered new exit (range 15) 113 | -11/Scrapyard | Entered Materials 251 | -10/Materials | Discovered new exit (range 4) 313 | -10/Materials | Build established: Mutant 435 | -10/Materials | Discovered new exit (range 8) 464 | -10/Materials | Identified exit to Mines 866 | -10/Materials | Discovered new exit (range 11) 1197 | -10/Materials | Entered Mines 1232 | -10/Mines | Received a Mining Laser from a helpful Derelict 1318 | -10/Mines | Assembled infested the area 1323 | -10/Mines | Assisted by a Guerilla fighting off Assembled 1365 | -10/Mines | Build established: Scavenger-Mutant 2550 | -10/Mines | Core integrity fell below 50% 2580 | -10/Mines | Learned location of Storage (-9) 2660 | -10/Mines | Discovered new exit (range 4) 2859 | -10/Mines | Build established: Mutant 2872 | -10/Mines | A weapon hastily lodged in a ceiling crevice suddenly fell to the ground 3150 | -10/Mines | Discovered new exit (range 12) 3196 | -10/Mines | Found the Drone Emporium 3206 | -10/Mines | Found Prototype Device 3207 | -10/Mines | Identified Thief Drone Bay 3323 | -10/Mines | Entered Materials 3323 | -9/Materials | Evolved 2 slots: Propulsion x1, Weapon x1 3476 | -9/Materials | Repaired Imp. Treads 3685 | -9/Materials | Build established: Gunner 3736 | -9/Materials | Discovered new exit (range 7) 3907 | -9/Materials | Discovered new exit (range 7) 3982 | -9/Materials | Discovered new exit (range 16) 4284 | -9/Materials | Build established: Scavenger-Gunner 4432 | -9/Materials | Discovered new exit (range 10) 5018 | -9/Materials | Identified exit to Mines 5018 | -9/Materials | Identified exit to Storage 5288 | -9/Materials | Discovered new exit (range 9) 5740 | -9/Materials | Entered Mines 5769 | -9/Mines | Met a Derelict bent on vengeance 5785 | -9/Mines | Build established: Gunner 5786 | -9/Mines | Learned 2 Materials zone layouts 5786 | -9/Mines | Discovered new exit (range 6) 6102 | -9/Mines | Deemed a non-threat by the Exiles lab entrance 6104 | -9/Mines | Discovered new exit (range 5) 6279 | -9/Mines | Received a Rocket Launcher from a helpful Derelict 6734 | -9/Mines | Discovered new exit (range 12) 7017 | -9/Mines | Entered Exiles 7078 | -9/Exiles | Met 8R-AWN 7121 | -9/Exiles | Met EX-HEX 7191 | -9/Exiles | Met EX-BIN 7325 | -9/Exiles | Aligned with FarCom system 7326 | -9/Exiles | Build established: Mutant 7328 | -9/Exiles | Given EX-Vault access code 7385 | -9/Exiles | Opened EX-Vault 7403 | -9/Exiles | Found Supersonic Drone Bay 7456 | -9/Exiles | Warned to stay clear of 0b10 Research branches 7528 | -9/Exiles | Met EX-DEC 7612 | -9/Exiles | Discovered new exit (range 14) 7644 | -9/Exiles | Left Exiles lab with Supersonic Drone Bay 7644 | -9/Exiles | Entered Mines 7928 | -8/Mines | Build established: Skirmisher 8766 | -8/Mines | Core integrity fell below 50% 8841 | -8/Mines | Discovered new exit (range 8) 8903 | -8/Mines | Entered Materials 8903 | -8/Materials | Evolved 2 slots: Utility x2 8904 | -8/Materials | Identified exit to Factory 9108 | -8/Materials | Repaired Lgt. Treads 9159 | -8/Materials | Repaired Adv. Heat Sink 9219 | -8/Materials | Repaired Imp. Assault Rifle 10178 | -8/Materials | Build established: Scavenger-Skirmisher 10432 | -8/Materials | Garrison activated, responded to threat 10503 | -8/Materials | Discovered exit to Factory (range 14) 10780 | -8/Materials | Entered Factory 10780 | -7/Factory | Evolved 2 slots: Propulsion x1, Utility x1 10793 | -7/Factory | Discovered new exit (range 156) 11763 | -7/Factory | Discovered new exit (range 16) 11826 | -7/Factory | Discovered new exit (range 11) 11831 | -7/Factory | Entered Lower Caves 11894 | -7/Lower Caves | Lost 4 parts (2n2w) 12127 | -7/Lower Caves | Build established: Scavenger-Gunner 12343 | -7/Lower Caves | Learned location of Zion (-6) 12854 | -7/Lower Caves | Discovered new exit (range 14) 12887 | -7/Lower Caves | Entered another Lower Caves area 12930 | -7/Lower Caves | Discovered new exit (range 13) 13156 | -7/Lower Caves | Encountered a Warlord checkpoint 13413 | -7/Lower Caves | Attracted the attention of an 0b10 checkpoint 13847 | -7/Lower Caves | Discovered new exit (range 11) 13900 | -7/Lower Caves | Entered Data Miner 13902 | -7/Data Miner | Discovered new exit (range 6) 13948 | -7/Data Miner | Met Data Miner 13996 | -7/Data Miner | Learned location of Section 7 (-2) 13996 | -7/Data Miner | Acquired the access code to Warlord's prototype stash 14040 | -7/Data Miner | Received God Mode back door access code from Data Miner 14140 | -7/Data Miner | Entered Proximity Caves 14217 | -6/Proximity Caves | Attracted the attention of an 0b10 checkpoint 14251 | -6/Proximity Caves | Lost 3 parts (3u) 14787 | -6/Proximity Caves | Learned Factory terminal intel 14831 | -6/Proximity Caves | Attracted the attention of an 0b10 outpost 14859 | -6/Proximity Caves | Core integrity fell below 50% 14885 | -6/Proximity Caves | Lost 6 parts (4n1u1w) 14897 | -6/Proximity Caves | Destroyed 14 combat bots 15052 | -6/Proximity Caves | Discovered new exit (range 11) 15072 | -6/Proximity Caves | Entered Factory 15072 | -6/Factory | Evolved 2 slots: Power x1, Utility x1 15073 | -6/Factory | Loaded intel: 28 terminal locations 15084 | -6/Factory | Discovered new exit (range 57) 15096 | -6/Factory | Discovered new exit (range 196) 15338 | -6/Factory | Identified exit to Lower Caves 15338 | -6/Factory | Identified exit to Extension 15388 | -6/Factory | Build established: Derelict-Skirmisher 15568 | -6/Factory | Entered Extension 15787 | -6/Extension | Rescued a captive Derelict 15787 | -6/Extension | Rescued a captive Derelict 15862 | -6/Extension | Rescued A7 16150 | -6/Extension | Lost 7 allies 16242 | -6/Extension | Rescued a captive Derelict 16256 | -6/Extension | Rescued a captive Derelict 16397 | -6/Extension | Build established: Derelict-Tank 16649 | -6/Extension | Spotted B-75 Beast 16670 | -6/Extension | Allies destroyed B-75 Beast 16676 | -6/Extension | Spotted B-75 Beast 16695 | -6/Extension | Allies destroyed B-75 Beast 16768 | -6/Extension | Disrupted transfer network 16863 | -6/Extension | Lost 3 allies 16946 | -6/Extension | Discovered new exit (range 16) 16946 | -6/Extension | Discovered new exit (range 16) 17449 | -6/Extension | Build established: Commander-Skirmisher 17542 | -6/Extension | Rescued a captive Derelict 17543 | -6/Extension | Rescued a captive Derelict 17575 | -6/Extension | Rescued a captive Derelict 17577 | -6/Extension | Rescued a captive Derelict 17880 | -6/Extension | Entered Cetus 17880 | -6/Cetus | Accompanied by 14 allies (A7) 17885 | -6/Cetus | Acquired a Cetus Manufacturing Module code from A7 17906 | -6/Cetus | Spotted Cetus Guard 17906 | -6/Cetus | Spotted Cetus Guard 17908 | -6/Cetus | Destroyed Cetus Guard 17909 | -6/Cetus | Spotted Cetus Guard 17909 | -6/Cetus | Spotted Cetus Guard 17909 | -6/Cetus | Allies destroyed Cetus Guard 17917 | -6/Cetus | Destroyed Cetus Guard 17917 | -6/Cetus | Allies destroyed Cetus Guard 18101 | -6/Cetus | Started Cetus Manufacturing Module 18126 | -6/Cetus | Manufactured an Enhanced Grunt 18151 | -6/Cetus | Manufactured an Enhanced Grunt 18176 | -6/Cetus | Manufactured an Enhanced Grunt 18201 | -6/Cetus | Manufactured an Enhanced Grunt 18226 | -6/Cetus | Manufactured an Enhanced Grunt 18264 | -6/Cetus | Discovered new exit (range 15) 18322 | -6/Cetus | Spotted Cetus Guard 18322 | -6/Cetus | Spotted Cetus Guard 18329 | -6/Cetus | Spotted Cetus Guard 18331 | -6/Cetus | Spotted Cetus Guard 18336 | -6/Cetus | Allies destroyed Cetus Guard 18369 | -6/Cetus | Discovered new exit (range 15) 18381 | -6/Cetus | Met Revision 17 18499 | -6/Cetus | Entered Archives 18499 | -6/Archives | Accompanied by 17 allies (A7) 18570 | -6/Archives | Lost 3 allies 18593 | -6/Archives | Discovered new exit (range 16) 18674 | -6/Archives | Discovered new exit (range 13) 18719 | -6/Archives | Discovered new exit (range 15) 18755 | -6/Archives | Entered Hub_04(d) 18755 | -6/Hub_04(d) | Accompanied by 11 allies 18831 | -6/Hub_04(d) | Discovered new exit (range 9) 18866 | -6/Hub_04(d) | Lost 4 allies 19042 | -6/Hub_04(d) | Build established: Scavenger-Skirmisher 19045 | -6/Hub_04(d) | Spotted B-75 Beast 19045 | -6/Hub_04(d) | Allies destroyed B-75 Beast 19066 | -6/Hub_04(d) | Garrison activated, responded to threat 19151 | -6/Hub_04(d) | Lost 7 allies 19342 | -6/Hub_04(d) | Discovered new exit (range 14) 19438 | -6/Hub_04(d) | Discovered new exit (range 11) 19455 | -6/Hub_04(d) | First assault squad dispatched 19494 | -6/Hub_04(d) | Entered Factory 19494 | -5/Factory | Evolved 2 slots: Propulsion x1, Utility x1 19495 | -5/Factory | Identified exit to Upper Caves 20362 | -5/Factory | Discovered exit to Upper Caves (range 13) 20379 | -5/Factory | Found Powered Armor 20641 | -5/Factory | Entered Upper Caves 20697 | -5/Upper Caves | Lost 3 parts (1u2w) 20822 | -5/Upper Caves | Attracted the attention of an 0b10 checkpoint 20924 | -5/Upper Caves | Build established: Scavenger-Gunner 21028 | -5/Upper Caves | Discovered new exit (range 12) 21087 | -5/Upper Caves | Entered another Upper Caves area 21123 | -5/Upper Caves | Learned Factory interactive machine intel 21155 | -5/Upper Caves | Spotted B-75 Beast 21576 | -5/Upper Caves | Discovered new exit (range 6) 21595 | -5/Upper Caves | Entered Zhirov 21595 | -5/Zhirov | Discovered new exit (range 3) 21626 | -5/Zhirov | Met Zhirov 21655 | -5/Zhirov | Learned location of Quarantine (-2) 21655 | -5/Zhirov | Learned location of Testing (-3) 21655 | -5/Zhirov | Learned location of Command (-1) 21669 | -5/Zhirov | Zhirov requested help retrieving the SGEMP Prototype 21698 | -5/Zhirov | Found Alien Artifact 21698 | -5/Zhirov | Identified Integrated Dissipator 21698 | -5/Zhirov | Installed Integrated Dissipator, increased core heat dissipation (+20) 21872 | -5/Zhirov | Found Alien Artifact 21892 | -5/Zhirov | Build established: Scavenger-Mutant 21945 | -5/Zhirov | Entered Proximity Caves 21954 | -4/Proximity Caves | Attracted the attention of an 0b10 checkpoint 22019 | -4/Proximity Caves | Spotted B-86 Titan 22043 | -4/Proximity Caves | Destroyed B-86 Titan 22210 | -4/Proximity Caves | Learned location of 1 exit from Research 22263 | -4/Proximity Caves | Build established: Scavenger-Gunner 22424 | -4/Proximity Caves | Discovered new exit (range 14) 22429 | -4/Proximity Caves | Lost 3 allies 22561 | -4/Proximity Caves | Entered Factory 22561 | -4/Factory | Evolved 2 slots: Utility x2 22561 | -4/Factory | Discovered new exit (range 10) 22562 | -4/Factory | Loaded intel: 52 interactive machine locations 22887 | -4/Factory | Build established: Scavenger-Tank 23894 | -4/Factory | System corruption reached 10% 23956 | -4/Factory | Sucked down chute 23956 | -4/Factory | Entered Waste 23956 | -4/Waste | The area was eerily silent 24285 | -4/Waste | Discovered new exit (range 15) 24819 | -4/Waste | Entered Factory 25236 | -4/Factory | Discovered new exit (range 14) 25257 | -4/Factory | Entered Research 25257 | -3/Research | Evolved 2 slots: Power x1, Utility x1 25258 | -3/Research | Identified exit to Testing 25457 | -3/Research | Revision forces began assault on 0b10 25514 | -3/Research | Met up with Revision 17++ 25887 | -3/Research | Lost 4 allies 25957 | -3/Research | Research terminal network offline 26422 | -3/Research | Discovered new exit (range 9) 26501 | -3/Research | Entered another Research area 26501 | -2/Research | Evolved 2 slots: Propulsion x1, Utility x1 26638 | -2/Research | Destroyed 12 combat bots 26642 | -2/Research | Lost 7 parts (1p2n2u2w) 27255 | -2/Research | Build established: Scavenger-Gunner 27751 | -2/Research | Found Imp. Powered Armor 27894 | -2/Research | Identified exit to Access 27956 | -2/Research | Spotted B-90 Cyclops 28036 | -2/Research | Destroyed B-90 Cyclops 28053 | -2/Research | Build established: Scavenger-Tank 28064 | -2/Research | Entered Access 28064 | -1/Access | Evolved 2 slots: Utility x2 29363 | -1/Access | Lost 4 parts (1n3u) 29408 | -1/Access | Discovered new exit (range 7) 29418 | *** | Escaped! Last Messages --------------- 29400_ Slug penetrates Terminal. 29400_ Connecting with Terminal... >>Open(Door) Sealed Barrier opened. 29404_ Penetrated by Slug. 29406_ Terminal disabled. 29407_ Penetrated by Slug. 29407_ Slug penetrates C-57 Dissector. 29407_ Imp. Proton Missile Launcher destroyed. 29408_ The Access Shell folds into the floor. 29408_ EXIT=FOUND 29409_ Penetrated by Slug. 29412_ Slug penetrates Sealed Heavy Doors. 29412_ Penetrated by Slug. 29413_ Adv. Heavy Siege Treads destroyed. 29413_ Penetrated by Slug. 29415_ Slug penetrates Reinforced Barrier. 29416_